 Dungeon Crawl Stone Soup version 0.19.1 (webtiles) character file.

1308 Morsion the Carver (level 8, -1/54 HPs)
             Began as a High Elf Skald on May 12, 2017.
             Was an Initiate of Gozag.
             Succumbed to Blork the orc's poison
             ... on level 6 of the Dungeon on May 13, 2017.
             The game lasted 00:15:58 (6372 turns).

Morsion the Carver (High Elf Skald)                 Turns: 6372, Time: 00:15:58

Health: -1/54      AC: 10    Str: 13    XL:     8   Next: 32%
Magic:  12/12      EV: 17    Int: 17    God:    Gozag
Gold:   525        SH:  0    Dex: 19    Spells: 1 memorised, 10 levels left

rFire  . . .     SeeInvis .     a - +1 falchion
rCold  . . .     Gourm    .     j - +0 scale mail
rNeg   . . .     Faith    .     (no shield)
rPois  .         Spirit   .     p - +0 helmet
rElec  .         Reflect  .     m - +1 cloak
rCorr  .         Harm     .     (no gloves)
MR     .....                    (no boots)
Stlth  +.........               (no amulet)
                                (no ring)
                                g - +1 ring of slaying

@: agile, lethally poisoned (-1 -> -43), exhausted, very slightly contaminated,
hasted and slowed
A: no striking features
a: Potion Petition, Call Merchant, Bribe Branch, Renounce Religion


You were on level 6 of the Dungeon.
You worshipped Gozag.
Gozag was pleased with you.
You were not hungry.

You visited 1 branch of the dungeon, and saw 6 of its levels.

You collected 867 gold pieces.
You paid 342 gold pieces to Gozag.

Inventory:

Hand Weapons
 a - a +1 falchion (weapon)
Armour
 j - a +0 scale mail (worn)
 m - a +1 cloak (worn)
 p - a +0 helmet (worn)
Jewellery
 g - a +1 ring of slaying (left hand)
Wands
 w - a wand of flame (36/48)
Scrolls
 b - 3 scrolls of identify
 e - 6 scrolls of remove curse
 o - a scroll of fog
 s - 2 scrolls of enchant weapon
Potions
 h - a potion of magic
 l - 2 potions of degeneration
 n - 2 potions of curing
 t - 2 potions of flight
 v - a potion of invisibility
Books
 c - a book of Battle

   Spells                             Type                      Level
   a - Infusion                       Charms                       1
   b - Shroud of Golubria             Charms/Translocation         2
   c - Song of Slaying                Charms                       2
   d - Spectral Weapon                Hexes/Charms                 3
   e - Regeneration                   Charms/Necromancy            3
 u - a book of Maledictions

   Spells                             Type                      Level
   a - Corona                         Hexes                        1
   b - Ensorcelled Hibernation        Hexes/Ice                    2
   c - Confuse                        Hexes                        3
   d - Tukima's Dance                 Hexes                        3
   e - Dazzling Spray                 Conjuration/Hexes            3
Comestibles
 d - 3 bread rations


   Skills:
 + Level 4.4 Fighting
 * Level 8.2 Long Blades
 + Level 4.2 Armour
 + Level 5.0 Dodging
 - Level 2.4 Spellcasting
 - Level 3.6 Charms


You had 10 spell levels left.
You knew the following spells:

 Your Spells              Type           Power        Failure   Level  Hunger
a - Infusion              Chrm           ##..         21%         1    #......


Dungeon Overview and Level Annotations

Branches:
Dungeon (6/15)             Temple (0/1) D:4

Altars:
Ashenzari
Cheibriados
Elyvilon
Gozag
Makhleb
Ru
Sif Muna
Xom

Annotations:
D:3 Morsion's ghost, amateur HuMo
D:5 spsoon's ghost, novice TeHu
D:6 Blork the orc


Message History

Blork the orc hits you from afar with a glaive of venom!
* * * LOW HITPOINT WARNING * * *
You are more poisoned. [a] - 322 gold - haste and agility [b] - 840 gold - heal wounds, haste, agility, curing and magic [c] - 425 gold - haste, flight and brilliance Purchase which effect?
You no longer have enough gold to fund merchants seeking to open stores in the dungeon.
You feel yourself speed up.
You feel agile all of a sudden.
* * * LOW HITPOINT WARNING * * *
You feel very sick.
Blork the orc gestures at you while chanting.
The puff of frost misses you.
The crimson imp blinks!
Blork the orc completely misses you.
You are very lightly contaminated with residual magic.
Put on which piece of jewellery? (? for menu, Esc to quit)
Okay, then.
You die...
Your body crumbles into a pile of gold.

##>.# # .####...##
+ .'...§...# #
####...####
#........#
#...o....#
#..##.#..#
#..##.#..# #
#..##@...# #.
#..###...# ##.#
#........# ###...#
##......## .......
#####.##
##...$#### #.#
#........######.#
...#.#..?§.JO....#
.........########


You could see Blork the orc.

Vanquished Creatures
  2 ice beasts
  2 ogres
  A centaur (D:5)
  A bullfrog (D:6)
  2 scorpions
  2 howler monkeys
  A bullfrog skeleton (D:4)
  An orc priest (D:5)
  2 hounds
  A jelly (D:6)
  3 orc wizards (D:5)
  2 iguanas (D:5)
  3 worker ants (D:5)
  A hound skeleton (D:4)
  4 gnolls
  12 adders
  An adder zombie (D:5)
  An adder skeleton (D:5)
  4 worms
  2 dart slugs
  5 leopard geckos
  22 orcs (D:5)
  4 bats
  3 giant cockroaches
  10 goblins
  5 hobgoblins
  2 quokkas
  2 frilled lizards
  4 kobolds
  A quokka skeleton (D:5)
  3 rats
109 creatures vanquished.

Notes
Turn   | Place    | Note
-------+----------+-------------------------------------------
     0 | D:1      | Morsion the High Elf Skald began the quest for the Orb.
     0 | D:1      | Reached XP level 1. HP: 14/14 MP: 4/4
     6 | D:1      | Noticed a merfolk zombie
    13 | D:1      | Noticed a merfolk zombie
    17 | D:1      | Noticed a merfolk zombie
    17 | D:1      | Noticed a minotaur zombie
    37 | D:1      | Reached skill level 1 in Armour
   476 | D:1      | Reached XP level 2. HP: 19/19 MP: 6/6
   702 | D:1      | Reached skill level 3 in Long Blades
   820 | D:2      | Reached XP level 3. HP: 13/25 MP: 7/7
  1076 | D:2      | Found an opulent altar of Gozag.
  1196 | D:2      | Became a worshipper of Gozag Ym Sagoz the Greedy
  1357 | D:2      | Found a shimmering altar of Xom.
  1359 | D:2      | Found a burning altar of Makhleb.
  1359 | D:2      | Found a hazy altar of Hepliaklqana.
  1361 | D:2      | Found a sacrificial altar of Ru.
  1361 | D:2      | Found a snail-covered altar of Cheibriados.
  1361 | D:2      | Found a shattered altar of Ashenzari.
  1445 | D:2      | Found a deep blue altar of Sif Muna.
  1455 | D:2      | Reached XP level 4. HP: 13/30 MP: 8/8
  1843 | D:2      | Reached skill level 4 in Long Blades
  2177 | D:2      | Reached XP level 5. HP: 15/36 MP: 9/9
  2436 | D:3      | Found a white marble altar of Elyvilon.
  2474 | D:3      | Noticed Morsion's ghost (amateur HuMo)
  2761 | D:3      | HP: 1/36 [worm (4)]
  3551 | D:4      | Reached skill level 5 in Long Blades
  3551 | D:4      | Reached XP level 6. HP: 27/42 MP: 10/10
  3625 | D:4      | Found a staircase to the Ecumenical Temple.
  3706 | D:4      | Got an ancient whip
  3707 | D:4      | Identified the +5 whip of an ossuary {drain, Dex+3} (You found it on level 4 of the Dungeon)
  4076 | D:5      | Entered Level 5 of the Dungeon
  4735 | D:5      | Noticed spsoon's ghost (novice TeHu)
  4850 | D:5      | Reached skill level 6 in Long Blades
  4850 | D:5      | Reached XP level 7. HP: 27/46 MP: 11/11
  5310 | D:5      | Reached skill level 7 in Long Blades
  6033 | D:6      | Reached XP level 8. HP: 20/54 MP: 12/12
  6347 | D:6      | Reached skill level 8 in Long Blades
  6347 | D:6      | Reached skill level 5 in Dodging
  6358 | D:6      | Noticed Blork the orc
  6372 | D:6      | Succumbed to Blork the orc's poison

Skill      XL: |  1  2  3  4  5  6  7  8 |
---------------+-------------------------+-----
Armour         | 1 2 3 4 |  4.2
Long Blades    | 3 4 5 6 7 8 |  8.2
Dodging        | 2 3 4 5 |  5.0
Fighting       | 3 4 |  4.4
Spellcasting   | |  2.4
Charms         | |  3.6

Action                   |  1- 3 |  4- 6 |  7- 9 || total
-------------------------+-------+-------+-------++-------
Melee: Falchion          |    85 |   307 |   161 ||   553
Invok: Potion Petition   |       |       |     2 ||     2
Evoke: Wand              |       |       |     4 ||     4
  Use: Scroll            |       |     5 |     8 ||    13
       Potion            |       |     1 |     6 ||     7
 Stab: Distracted        |       |       |     1 ||     1
  Eat: Chunk             |     1 |       |       ||     1
       Bread ration      |       |     3 |     1 ||     4
Armor: Leather armour    |    13 |       |       ||    13
       Scale mail        |    24 |   129 |    52 ||   205
       Skin              |       |       |    25 ||    25
Dodge: Dodged            |    49 |   163 |    97 ||   309
       Rpst.: Falchion   |    17 |    45 |    36 ||    98
